2876 views
Uploaded 2020-02-22 14:33:56
Game version 1.32 / 1.32.1
35:05 long 1on1 custom game on (2)TerenasStand_LV
Game name "ena2"
Saved by ENA1337
2876 views
Uploaded 2020-02-22 14:33:56
Game version 1.32 / 1.32.1
35:05 long 1on1 custom game on (2)TerenasStand_LV
Game name "ena2"

57 units @ 10.9k
/ 1.9k
28 buildings @ 4.5k
/ 2k



| Healing Salve | 9 | 900 |
| Scroll of Speed | 11 | 550 |
| Lesser Clarity Potion | 20 | 1400 |
| Orb of Lightning | 1 | 375 |
| Potion of Healing | 2 | 300 |
| Tiny Great Hall | 1 | 600 |
| Potion of Mana | 1 | 200 |
| Scroll of Healing | 1 | 250 |
| Scroll of Town Portal | 2 | 700 |
| Potion of Invisibility | 1 | 100 |
| Staff of Teleportation | 1 | 150 |
| total: | 50 | 5525g |
| Peon | 16 | 1200 | / | 0 |
| Grunt | 9 | 1800 | / | 0 |
| Spirit Walker | 7 | 1365 | / | 245 |
| Raider | 1 | 180 | / | 40 |
| Kodo Beast | 5 | 1275 | / | 300 |
| Tauren | 14 | 3920 | / | 1120 |
| Demolisher | 1 | 220 | / | 50 |
| Forest Troll Shadow Priest | 1 | 195 | / | 10 |
| Forest Troll Berserker | 3 | 735 | / | 90 |
| total: | 57 | 10890g | / | 1855w |
| Watch Tower | 7 | 770 | / | 560 |
| Altar of Storms | 1 | 180 | / | 50 |
| Orc Burrow | 10 | 1600 | / | 400 |
| Barracks | 1 | 180 | / | 50 |
| Voodoo Lounge | 3 | 390 | / | 90 |
| War Mill | 1 | 205 | / | 0 |
| Great Hall | 2 | 770 | / | 370 |
| Tauren Totem | 2 | 270 | / | 310 |
| Beastiary | 1 | 145 | / | 140 |
| Stronghold | 1 | 315 | / | 190 |
| Fortress | 1 | 325 | / | 190 |
| total: | 28 | 4510g | / | 1970w |
| 0:01 | Peon |
| 0:01 | Peon |
| 0:05 | Altar of Storms |
| 0:17 | Orc Burrow |
| 0:25 | Peon |
| 0:33 | Barracks |
| 0:43 | Peon |
| 0:51 | Peon |
| 1:01 | Peon |
| 1:24 | Orc Burrow |
| 1:35 | Grunt |
| 1:42 | Peon |
| 2:01 | Voodoo Lounge |
| 2:02 | Voodoo Lounge |
| 2:05 | Feral Spirit |
| 2:21 | Forest Troll Shadow Priest |
| 2:44 | Stronghold |
| 2:46 | Chain Lighting |
| 3:06 | Healing Salve |
| 3:09 | Scroll of Speed |
| 3:13 | Lesser Clarity Potion |
| 3:21 | Grunt |
| 3:38 | Orc Burrow |
| 3:38 | Orc Burrow |
| 4:02 | Forest Troll Berserker |
| 4:58 | Healing Salve |
| 4:58 | Lesser Clarity Potion |
| 5:00 | Scroll of Speed |
| 5:24 | Tauren Totem |
| 5:43 | Forest Troll Berserker |
| 5:48 | Feral Spirit |
| 5:56 | Beastiary |
| 6:12 | Healing Salve |
| 6:12 | Lesser Clarity Potion |
| 6:12 | Scroll of Speed |
| 6:13 | Scroll of Speed |
| 6:21 | Berserker Strength |
| 6:43 | Shockwave |
| 7:01 | Grunt |
| 7:13 | Grunt |
| 7:20 | Spirit Walker |
| 7:48 | Orc Burrow |
| 8:08 | Potion of Invisibility |
| 8:09 | Staff of Teleportation |
| 8:29 | Endurance Aura |
| 8:33 | Spirit Walker Adept Training |
| 8:35 | War Mill |
| 8:56 | Chain Lighting |
| 9:00 | Grunt |
| 9:16 | Scroll of Healing |
| 9:22 | Grunt |
| 9:35 | Grunt |
| 9:41 | Pillage |
| 9:44 | Lesser Clarity Potion |
| 9:45 | Healing Salve |
| 9:45 | Lesser Clarity Potion |
| 9:45 | Scroll of Speed |
| 9:50 | Forest Troll Berserker |
| 10:05 | Grunt |
| 10:20 | Orc Burrow |
| 10:21 | Orc Burrow |
| 11:03 | Lesser Clarity Potion |
| 11:05 | Lesser Clarity Potion |
| 11:05 | Scroll of Speed |
| 11:06 | Healing Salve |
| 11:07 | Scroll of Speed |
| 11:19 | Reinforced Defenses |
| 11:20 | Orc Burrow |
| 11:34 | Shockwave |
| 12:00 | Steel Armor |
| 12:02 | Great Hall |
| 12:03 | Great Hall |
| 12:32 | Scroll of Town Portal |
| 12:36 | Grunt |
| 13:19 | Watch Tower |
| 13:21 | Watch Tower |
| 13:24 | Raider |
| 13:24 | Ensnare |
| 13:30 | Lesser Clarity Potion |
| 13:31 | Lesser Clarity Potion |
| 13:31 | Healing Salve |
| 13:35 | Scroll of Town Portal |
| 13:49 | Watch Tower |
| 13:55 | Watch Tower |
| 14:06 | Spiked Barricades |
| 14:40 | Fortress |
| 14:41 | Peon |
| 14:54 | Watch Tower |
| 14:55 | Peon |
| 15:18 | Tauren Totem |
| 15:21 | Peon |
| 15:23 | Watch Tower |
| 15:25 | Peon |
| 15:50 | Peon |
| 15:50 | Peon |
| 16:14 | Peon |
| 16:35 | Kodo Beast |
| 16:49 | Peon |
| 16:50 | Orc Burrow |
| 17:01 | Tauren |
| 17:04 | Steel Melee Weapons |
| 17:39 | Pulverize |
| 17:39 | Lesser Clarity Potion |
| 17:41 | Orb of Lightning |
| 17:42 | Lesser Clarity Potion |
| 17:56 | War Drums Damage Increase |
| 18:06 | Tauren |
| 18:12 | Spirit Walker |
| 18:28 | Tauren |
| 18:44 | Tauren |
| 18:56 | Tauren |
| 19:11 | Tauren |
| 19:30 | Thorium Armor |
| 19:47 | Spirit Walker Master Training |
| 20:03 | Orc Burrow |
| 20:56 | Tauren |
| 21:10 | Chain Lighting |
| 21:17 | Endurance Aura |
| 21:50 | Watch Tower |
| 21:55 | Hex |
| 22:00 | Spirit Walker |
| 22:03 | Healing Salve |
| 22:07 | Scroll of Speed |
| 22:07 | Potion of Healing |
| 22:11 | Tiny Great Hall |
| 22:13 | Lesser Clarity Potion |
| 22:44 | Spirit Walker |
| 23:31 | Shockwave |
| 23:37 | Feral Spirit |
| 23:58 | Tauren |
| 24:44 | Tauren |
| 25:01 | Kodo Beast |
| 25:22 | Lesser Clarity Potion |
| 25:23 | Healing Salve |
| 25:27 | Tauren |
| 26:45 | Spirit Walker |
| 27:12 | Kodo Beast |
| 28:05 | Scroll of Speed |
| 28:05 | Lesser Clarity Potion |
| 28:08 | Potion of Mana |
| 28:10 | Lesser Clarity Potion |
| 28:32 | Tauren |
| 28:43 | Demolisher |
| 29:23 | Tauren |
| 29:37 | Healing Wave |
| 29:53 | Spirit Walker |
| 30:42 | Spirit Walker |
| 30:54 | Burning Oil |
| 30:59 | Lesser Clarity Potion |
| 31:01 | Lesser Clarity Potion |
| 31:05 | Healing Salve |
| 31:17 | Potion of Healing |
| 31:44 | Kodo Beast |
| 31:52 | Lesser Clarity Potion |
| 31:56 | Scroll of Speed |
| 32:26 | Kodo Beast |
| 32:40 | Reincarnation |
| 32:41 | Reincarnation |
| 32:41 | Reincarnation |
| 33:03 | Tauren |
| 33:04 | Tauren |
| 33:11 | Lesser Clarity Potion |
| 33:16 | Lesser Clarity Potion |
| 33:23 | Scroll of Speed |
| 33:57 | Peon |
| 34:03 | Voodoo Lounge |
| 34:29 | Earth Quake |
| 34:36 | Healing Wave |
| Select group | 2691 |
| Right click | 2551 |
| Select | 1248 |
| Misc. action | 565 |
| Build/train/purchase | 292 |
| Assign group | 179 |
| Use ability | 137 |
| Chat | 27 |
| Esc | 12 |
| Item give/drop | 9 |
89 units @ 13.6k
/ 1.5k
27 buildings @ 2.3k
/ 0.9k


| Scroll of Regeneration | 2 | 200 |
| Lesser Clarity Potion | 2 | 140 |
| Scroll of Healing | 10 | 2500 |
| Scroll of Town Portal | 1 | 350 |
| Potion of Lesser Invulnerability | 2 | 300 |
| total: | 17 | 3490g |
| Peasant | 21 | 1575 | / | 0 |
| Footman | 5 | 675 | / | 0 |
| Rifleman | 35 | 7175 | / | 1050 |
| Priest | 19 | 2565 | / | 190 |
| Sorceress | 8 | 1240 | / | 160 |
| Goblin Shredder | 1 | 375 | / | 100 |
| total: | 89 | 13605g | / | 1500w |
| Scout Tower | 11 | 330 | / | 220 |
| Arcane Tower | 3 | 210 | / | 150 |
| Guard Tower | 6 | 420 | / | 300 |
| Altar of Kings | 1 | 180 | / | 50 |
| Farm | 9 | 720 | / | 180 |
| Barracks | 1 | 160 | / | 60 |
| Blacksmith | 1 | 140 | / | 60 |
| Arcane Vault | 1 | 130 | / | 30 |
| Lumber Mill | 1 | 120 | / | 0 |
| Town Hall | 1 | 385 | / | 205 |
| Arcane Sanctum | 1 | 150 | / | 140 |
| Keep | 1 | 320 | / | 210 |
| total: | 27 | 2315g | / | 945w |
| 0:01 | Peasant |
| 0:04 | Altar of Kings |
| 0:15 | Peasant |
| 0:17 | Farm |
| 0:18 | Barracks |
| 0:25 | Peasant |
| 0:44 | Peasant |
| 0:45 | Peasant |
| 0:54 | Peasant |
| 1:02 | Farm |
| 1:20 | Footman |
| 1:24 | Scout Tower |
| 1:31 | Peasant |
| 1:37 | Farm |
| 1:45 | Footman |
| 1:52 | Arcane Tower |
| 1:58 | Peasant |
| 2:04 | Summon Water Elemental |
| 2:15 | Footman |
| 2:31 | Footman |
| 2:45 | Brilliance Aura |
| 2:51 | Footman |
| 3:20 | Keep |
| 3:35 | Blacksmith |
| 3:51 | Arcane Vault |
| 3:52 | Farm |
| 4:06 | Farm |
| 4:49 | Rifleman |
| 4:49 | Rifleman |
| 5:12 | Scroll of Regeneration |
| 5:25 | Lesser Clarity Potion |
| 5:43 | Arcane Sanctum |
| 5:54 | Summon Water Elemental |
| 5:56 | Rifleman |
| 6:04 | Farm |
| 6:12 | Black Gunpowder |
| 6:19 | Long Rifles |
| 6:39 | Storm Bolt |
| 6:55 | Priest |
| 6:55 | Rifleman |
| 7:13 | Priest |
| 7:39 | Farm |
| 7:44 | Scroll of Regeneration |
| 7:48 | Lesser Clarity Potion |
| 7:52 | Priest Adept Training |
| 8:04 | Rifleman |
| 8:19 | Bash |
| 8:25 | Peasant |
| 8:25 | Peasant |
| 8:47 | Priest |
| 8:52 | Rifleman |
| 8:57 | Brilliance Aura |
| 9:13 | Storm Bolt |
| 9:17 | Rifleman |
| 9:31 | Priest |
| 9:37 | Peasant |
| 9:57 | Farm |
| 10:05 | Scroll of Healing |
| 10:09 | Refined Gunpowder |
| 10:56 | Bash |
| 10:57 | Rifleman |
| 11:12 | Scroll of Town Portal |
| 11:13 | Scroll of Healing |
| 11:28 | Studded Leather Armor |
| 11:43 | Rifleman |
| 12:06 | Lumber Mill |
| 12:08 | Scout Tower |
| 12:09 | Scout Tower |
| 12:27 | Summon Water Elemental |
| 12:31 | Rifleman |
| 12:51 | Peasant |
| 12:51 | Peasant |
| 13:21 | Peasant |
| 13:32 | Scout Tower |
| 13:34 | Scout Tower |
| 13:35 | Magic Sentry |
| 13:37 | Peasant |
| 13:47 | Peasant |
| 14:00 | Arcane Tower |
| 14:28 | Priest |
| 14:44 | Guard Tower |
| 14:53 | Scout Tower |
| 15:22 | Guard Tower |
| 15:34 | Scout Tower |
| 15:49 | Improved Masonry |
| 16:25 | Peasant |
| 16:25 | Peasant |
| 16:37 | Goblin Shredder |
| 16:54 | Rifleman |
| 17:04 | Scroll of Healing |
| 17:17 | Rifleman |
| 17:22 | Guard Tower |
| 18:01 | Town Hall |
| 18:07 | Scout Tower |
| 18:20 | Arcane Tower |
| 18:27 | Scout Tower |
| 18:52 | Guard Tower |
| 19:25 | Sorceress |
| 19:28 | Scout Tower |
| 19:42 | Sorceress |
| 19:47 | Guard Tower |
| 19:52 | Reinforced Leather Armor |
| 20:07 | Rifleman |
| 20:25 | Sorceress |
| 20:30 | Farm |
| 20:39 | Sorceress |
| 21:01 | Rifleman |
| 21:01 | Priest |
| 21:04 | Storm Bolt |
| 21:23 | Rifleman |
| 21:39 | Rifleman |
| 21:49 | Sorceress |
| 22:04 | Scroll of Healing |
| 22:09 | Scroll of Healing |
| 22:22 | Rifleman |
| 22:48 | Priest |
| 22:48 | Rifleman |
| 23:15 | Brilliance Aura |
| 23:20 | Rifleman |
| 23:27 | Priest |
| 23:27 | Rifleman |
| 23:55 | Potion of Lesser Invulnerability |
| 24:12 | Priest |
| 24:17 | Rifleman |
| 24:25 | Avatar |
| 24:44 | Priest |
| 24:53 | Rifleman |
| 24:59 | Mass Teleport |
| 25:15 | Scroll of Healing |
| 25:30 | Sorceress |
| 25:41 | Rifleman |
| 26:13 | Rifleman |
| 26:14 | Priest |
| 26:17 | Sorceress |
| 26:30 | Peasant |
| 26:30 | Peasant |
| 27:07 | Scout Tower |
| 27:25 | Guard Tower |
| 27:43 | Rifleman |
| 27:51 | Sorceress Adept Training |
| 27:55 | Peasant |
| 28:05 | Rifleman |
| 28:41 | Bash |
| 28:46 | Scroll of Healing |
| 29:13 | Priest |
| 29:13 | Rifleman |
| 29:35 | Rifleman |
| 29:45 | Scroll of Healing |
| 29:54 | Priest |
| 30:11 | Rifleman |
| 30:34 | Priest |
| 30:51 | Blizzard |
| 31:01 | Scroll of Healing |
| 31:01 | Potion of Lesser Invulnerability |
| 31:19 | Rifleman |
| 31:39 | Rifleman |
| 31:55 | Priest |
| 31:56 | Priest |
| 32:30 | Rifleman |
| 32:50 | Priest |
| 32:50 | Rifleman |
| 33:14 | Scroll of Healing |
| 33:33 | Priest |
| 33:46 | Rifleman |
| 34:05 | Sorceress |
| 34:37 | Rifleman |
| 34:48 | Priest |
| Select group | 3170 |
| Right click | 2435 |
| Select | 1512 |
| Misc. action | 773 |
| Assign group | 320 |
| Build/train/purchase | 296 |
| Use ability | 158 |
| Chat | 10 |
| Item give/drop | 7 |
| Esc | 3 |
| Remove unit | 2 |